 Dungeon Crawl Stone Soup version 0.22-a0-601-gb0ed703 (webtiles) character file.

11 Mamutox the Chucker (level 2, -1/27 HPs)
             Began as a Troll Hunter on July 6, 2018.
             Slain by a worker ant (8 damage)
             ... on level 1 of the Dungeon.
             The game lasted 00:02:40 (1218 turns).

Mamutox the Chucker (Troll Hunter)                  Turns: 1218, Time: 00:02:40

Health: -1/27      AC:  5    Str: 19    XL:     2   Next: 13%
Magic:  1/1        EV: 10    Int:  7    God:
Gold:   50         SH:  0    Dex: 10    Spells: 1/1 levels left

rFire    . . .     SeeInvis .   (no weapon)
rCold    . . .     Gourm    +   (no shield)
rNeg     . . .     Faith    .   b - +0 robe
rPois    .         Spirit   .   (helmet restricted)
rElec    .         Reflect  .   (no cloak)
rCorr    .         Harm     .   (gloves unavailable)
MR       .....                  (boots unavailable)
Stlth    +.........             (no amulet)
HPRegen  0.49/turn              (no ring)
MPRegen  0.07/turn              (no ring)

@: lethally poisoned (-1 -> -3)
A: large, unfitting armour, claws 3, fast metabolism 3, gourmand, regeneration
1, shaggy fur 1, tough skin 2
a: no special abilities


You were on level 1 of the Dungeon.
You were very hungry.

You visited 1 branch of the dungeon, and saw 2 of its levels.

You collected 50 gold pieces.

Inventory:

Missiles
 c - 5 large rocks (quivered)
 d - 2 throwing nets
 l - 4 tomahawks
Armour
 b - a +0 robe (worn)
Jewellery
 k - an uncursed ring of see invisible {unknown}
Scrolls
 a - 3 scrolls of identify {unknown}
 i - 2 scrolls of magic mapping {unknown}
 j - a scroll of amnesia {unknown}
Potions
 e - a potion of brilliance {unknown}
 g - a potion of agility {unknown}
 h - a potion of curing {unknown}
 m - a potion of flight {unknown}
Comestibles
 f - 5 rations


   Skills:
 + Level 1.6 Fighting
 * Level 0.0 Maces & Flails
 - Level 3.8 Throwing
 + Level 1.6 Dodging
 + Level 0.9 Stealth


You had one spell level left.
You didn't know any spells.
Your spell library was empty.

Dungeon Overview and Level Annotations

Branches:
Dungeon (2/15)

Altars:


Innate Abilities, Weirdness & Mutations

You are too large for most types of armour.
You have claws for hands.
Your metabolism is lightning-fast.
You like to eat raw meat.
Your natural rate of healing is unusually fast.
You are covered in fur. (AC +1)
You have very tough skin. (AC +2)


Message History

The worker ant is moderately wounded.
You feel sick. The worker ant barely misses you.
The worker ant closely misses you.
You hit the worker ant but do no damage.
The worker ant is moderately wounded.
You feel sick. The worker ant bites you.
You are more poisoned.
The worker ant poisons you!
You closely miss the worker ant.
The worker ant is moderately wounded.
You feel sick. The worker ant closely misses you.
The worker ant barely misses you.
You closely miss the worker ant.
The worker ant is moderately wounded.
You feel sick. The worker ant barely misses you.
You feel sick.
Drop what? 14/52 slots (_ for help) (? for menu, Esc to quit)
You are now empty-clawed.
You drop a +0 club.
You feel sick. The worker ant bites you!
You die...

..#########...#######.#.####[#
..# #...# #.#.#.# #.#
###################.#.#.# #.#
....................#.#.# #.#
######.......##.....#.#.# #.#
#..............#.#.####.#
#.......##.....#.#......#
#.......##...[.#.###########
#.......##.@...#............
#.......##.a>..#.###########
######.......##.....#.#
.....#.......##########
.....#.......# ###############
.....#.......# #.............#
...###.......##################.#
....................# #.#
#############.#####.# #.#


You could see a worker ant.

Vanquished Creatures
  A dart slug (D:1)
  2 giant cockroaches (D:1)
  2 goblins (D:1)
  2 frilled lizards (D:1)
  2 rats (D:1)
9 creatures vanquished.

Notes
Turn   | Place    | Note
-------+----------+-------------------------------------------
     0 | D:1      | Mamutox the Troll Hunter began the quest for the Orb.
     0 | D:1      | Reached XP level 1. HP: 19/19 MP: 0/0
   168 | D:1      | Reached XP level 2. HP: 27/27 MP: 1/1
  1218 | D:1      | Slain by a worker ant

Vault maps used:
D:1:      dpeg_arrival_chase

Action                   || total
-------------------------++-------
Melee: Unarmed           ||    30
       Club              ||     8
 Stab: Sleeping          ||     1
  Eat: Chunk             ||     7
Armor: Robe              ||    11
Dodge: Dodged            ||    23

Table legend:
 A = Spawn XP
 B = Non-spawn XP
 C = Spawn XP percentage of total XP
 D = Spawn monster count
 E = Non-spawn monster count
 F = Spawn count percentage of total count
 G = Total turns spent on level
                    A         B        C        D         E        F      G
               +---------+---------+-------+---------+---------+-------+---------
         Total |       0 |      16 |   0.0 |       0 |       9 |   0.0 |  1218
               +---------+---------+-------+---------+---------+-------+---------
           D:1 |       0 |      16 |   0.0 |       0 |       9 |   0.0 |  1214
               +---------+---------+-------+---------+---------+-------+---------
